Get step-by-step instructions on how to execute this build order below. Start the game timer, and the build order will tick by so you can play in parallel with StarCraft on a second screen or mobile device.

Game Time

  0:00

Last Step

  N/A

Next Step

Upcoming Step



Don't want to look back and forth between 2 screens? Try out our Overwolf App, the Spawning Tool Build Advisor to get an in-game overlay with this build!

Complete Build Order

  12  0:02  SCV  
  13  0:14  SCV  
  13  0:19  Supply Depot  
  14  0:26  SCV  
  15  0:34  Refinery  
  15  0:41  SCV  
  16  0:47  Barracks  
  16  0:53  SCV  
  17  1:05  SCV  
  18  1:17  SCV  
  19  1:34  Orbital Command  
  19  1:35  Reaper  
  20  1:53  Command Center  
  20  2:08  SCV, Factory  
  21  2:20  Barracks Tech Lab, SCV, Supply Depot  
  22  2:32  SCV  
  23  2:37  Bunker  
  23  2:45  Refinery  
  23  2:52  Cyclone  
  23  2:58  Marine  
  26  3:05  Orbital Command  
  27  3:11  SCV  
  28  3:16  Marine  
  29  3:24  Cyclone  
  32  3:34  Marine  
  33  3:35  SCV, Refinery  
  33  3:37  SCV  
  35  3:47  SCV  
  36  3:51  Marine  
  37  3:56  Starport  
  37  4:09  Marine  
  38  4:11  Supply Depot  
  38  4:14  SCV  
  38  4:15  SCV  
  40  4:26  Factory Tech Lab  
  40  4:27  SCV x2, Marine  
  43  4:39  SCV  
  43  4:45  Marine  
  45  4:51  SCV  
  46  4:55  Siege Tank  
  49  5:03  SCV  
  50  5:07  Barracks  
  50  5:09  Medivac  
  52  5:23  Barracks  
  52  5:37  Marine  
  53  5:52  Supply Depot  
  53  5:54  Marine  
  54  6:13  Medivac  
  56  6:21  Siege Tank  
  59  6:31  Engineering Bay  
  59  6:37  Barracks  
  47  7:15  Barracks  
  47  7:20  Barracks Tech Lab  
  47  7:21  Barracks Tech Lab  
  47  7:33  Siege Tank  
  50  7:54  Terran Infantry Weapons Level 1  
  50  7:57  Marine  
  51  8:00  Stimpack  
  51  8:03  Starport Tech Lab  
  51  8:10  Refinery  
  51  8:15  SCV  
  51  8:16  SCV  
  53  8:27  Barracks Tech Lab x2  
  53  8:28  SCV x2, Marine  
  53  8:29  Marine x2  
  58  8:34  Cyclone  
  58  8:40  SCV  
  62  8:49  Supply Depot  
  62  8:51  Supply Depot  
  62  8:54  Medivac, SCV x2, Supply Depot, Marauder, Marine x2  
  70  9:06  SCV, Cyclone  
  74  9:11  Marine  
  74  9:12  Supply Depot, Marauder  
  74  9:15  Marauder  
  79  9:17  Combat Shields  
  79  9:30  Marauder  
  81  9:32  Liberator  
  81  9:33  Marine  
  81  9:36  Marine  
  83  9:38  Cyclone  
  86  9:51  Marauder x2  
  93  9:55  Marauder  
  93  9:59  Marauder x2  
  99  10:10  Siege Tank  
  99  10:12  Marauder x2  
  106  10:15  Liberator  
  106  10:16  Marauder  
  106  10:20  Marauder x2  
  112  10:34  Marauder x2  
  122  10:42  Siege Tank  
  122  10:48  Command Center  
  115  10:58  Liberator  
  115  11:14  Siege Tank  
  115  11:17  Marine  
  115  11:18  Marauder, Marine x2  
  126  11:32  Supply Depot  
  126  11:33  Supply Depot  
  126  11:36  Supply Depot  
  126  11:37  Supply Depot  
  126  11:38  Marauder x2, Marine x2  
  126  11:39  Supply Depot  
  134  11:40  Marauder  
  134  11:47  Siege Tank  
  134  11:56  Marine x2  
  134  11:58  Viking  
  134  11:59  Marine x2  
  134  12:00  Marine  
  131  12:14  Marauder x2  
  134  12:17  Marine  
  134  12:18  Marauder, Marine  
  134  12:19  Cyclone  
  141  12:28  Viking  
  143  12:35  Marauder, Marine x2  
  143  12:37  Marauder  
  148  12:38  Marine  
  149  12:51  Siege Tank  
  151  12:53  Marauder, Marine  
  151  12:56  Marine x2  
  151  12:58  Viking, Marauder  
  156  13:10  Marine  
  156  13:12  Concussive Shells  
  157  13:14  Marine  
  157  13:15  Marauder x2  
  157  13:19  Marine  
  163  13:23  Cyclone  
  166  13:27  Viking  
  166  13:29  Marauder  
  166  13:32  Marine  
  168  13:35  Marine  
  168  13:36  Marauder  
  168  13:37  Marine  
  165  13:50  Marine x2  
  165  13:54  Marauder, Marine  
  165  13:55  Cyclone  
  171  13:57  Viking, Marauder  
  175  14:08  Marine  
  175  14:09  Marauder  
  173  14:12  Marine  
  173  14:15  Marauder  
  173  14:18  Marine